 Dungeon Crawl Stone Soup version 0.31-a0-232-gb1c03b2570 (webtiles) character file.

Game seed: 12857177769644611017

1744 Shard1697 the Basher (level 8, -1/72 HPs)
             Began as an Armataur Fighter on July 7, 2023.
             Was a Believer of Okawaru.
             Slain by a killer bee (5 damage)
             ... on level 7 of the Dungeon.
             The game lasted 00:07:07 (6326 turns).

Shard1697 the Basher (Armataur Fighter)             Turns: 6326, Time: 00:07:08

Health: -1/72      AC: 13    Str: 19 (23) XL:     8   Next: 77%
Magic:  11/11      EV:  7    Int:  4 (8)  God:    Okawaru [**....]
Gold:   65         SH:  4    Dex:  7 (11) Spells: 7/7 levels left

rFire   + . .        a - +1 morningstar
rCold   . . .        c - +0 buckler
rNeg    . . .        u - +2 scale mail {rF+}
rPois   .            i - +2 helmet
rElec   .            f - +0 cloak
rCorr   .            (no gloves)
SInv    .            (no barding)
Will    .....        (no amulet) Stlth
                     (no ring)
HPRegen 0.32/turn    (no ring)
MPRegen 0.12/turn

%: roll
@: lethally poisoned (-1 -> -11), attractive
A: large, rugged brown scales 3, deformed body, armoured tail, roll, long
tongue, awkward tongue
a: Renounce Religion, Heroism


You were on level 7 of the Dungeon.
You worshipped Okawaru.
Okawaru was pleased with you.
You visited 1 branch of the dungeon, and saw 7 of its levels.

You collected 317 gold pieces.
You spent 252 gold pieces at shops.

Inventory:

Hand Weapons
 a - a +1 morningstar (weapon)
 b - a +1 heavy war axe
Missiles
 k - 11 curare-tipped darts
Armour
 c - a +0 buckler (worn)
 f - a +0 cloak (worn)
 i - a +2 helmet (worn)
 u - a +2 scale mail of fire resistance (worn)
Wands
 m - a wand of polymorph (12)
 n - a wand of flame (38)
Scrolls
 e - a scroll of vulnerability
 h - 7 scrolls of teleportation
 w - a scroll of poison {unknown}
Potions
 d - a potion of might
 g - a potion of haste
 j - a potion of mutation
 o - a potion of resistance
 t - 4 potions of lignification
 v - a potion of heal wounds {unknown}


   Skills:
 + Level 5.3 Fighting
 + Level 8.3 Maces & Flails
 - Level 3.6 Armour
 - Level 3.2 Shields
 + Level 4.7 Invocations


You had 7 spell levels left.
You didn't know any spells.
Your spell library contained the following spells:

 Spells                   Type           Power      Damage    Failure   Level
 Apportation              Tloc           0%         N/A       91%         1
 Necrotise                Necr           0%         1d4       91%         1
 Blink                    Tloc           0%         N/A       97%         2
 Lesser Beckoning         Tloc           0%         N/A       97%         2
 Momentum Strike          Conj/Tloc      0%         3d8       97%         2
 Scorch                   Fire           0%         2d5       97%         2
 Dazzling Flash           Conj/Hex       0%         N/A       99%         3
 Vhi's Electric Charge    Tloc/Air       0%         N/A       99%         3
 Volatile Blastmotes      Fire/Tloc      0%         2d10      99%         3
 Flame Wave               Conj/Fire      0%         2d4       100%        4
 Iskenderun's Mystic Bla  Conj/Tloc      0%         2d3       100%        4
 Arcjolt                  Conj/Air       0%         1d10      100%        5
 Plasma Beam              Fire/Air       0%         2x1d10    100%        6
 Starburst                Conj/Fire      0%         6d3       100%        6
 Summon Small Mammal      Summ           Unusable   N/A       N/A         1
 Summon Cactus Giant      Summ           Unusable   N/A       N/A         6

Dungeon Overview and Level Annotations

Branches:
Dungeon (7/15)             Temple (0/1) D:5

Altars:
Gozag
Hepliaklqana
Okawaru
Vehumet
Zin
The Shining One

Shops:
D:1 [


Innate Abilities, Weirdness & Mutations

You are completely covered in rugged brown scales. (AC +3, +7% HP)
Armour fits poorly on your strangely shaped body.
You have a long armoured tail.
You roll when moving toward enemies. (Rampage)
Your long tongue fully drains potion bottles. (2x potion effects)
Your tongue gives you trouble enunciating. (1.5x scroll delay)


Message History

You closely miss the killer bee.
You feel sick.
The killer bee stings you but does no damage. x4
You barely miss the killer bee.
You feel sick. The killer bee closely misses you. The killer bee misses you.
The killer bee stings you. You block the killer bee's attack.
You closely miss the killer bee.
Your tail-slap misses the killer bee.
You feel sick. You block the killer bee's attack.
The killer bee stings you but does no damage.
The killer bee stings you. The killer bee barely misses you.
You miss the killer bee.
Your tail-slap misses the killer bee.
You feel sick.
The killer bee stings you but does no damage. x3
You block the killer bee's attack.
The killer bee stings you but does no damage.
The killer bee completely misses you.
You closely miss the killer bee.
Your tail-slap misses the killer bee.
You feel sick. The killer bee stings you.
You are more poisoned.
The killer bee poisons you!
The killer bee stings you but does no damage.
The killer bee stings you.
* * * LOW HITPOINT WARNING * * *
You are lethally poisoned!
The killer bee poisons you!
The killer bee stings you but does no damage.
You closely miss the killer bee.
Your tail-slap misses the killer bee.
* * * LOW HITPOINT WARNING * * *
You feel very sick. You block the killer bee's attack.
The killer bee stings you but does no damage. x2
The killer bee barely misses you.
It was a potion of attraction.
You feel attractive to monsters.
You slurp down every last drop of the potion of attraction!
* * * LOW HITPOINT WARNING * * *
You feel very sick.
The killer bee stings you but does no damage.
The killer bee stings you.
* * * LOW HITPOINT WARNING * * *
The killer bee stings you.
You die...

#..........#...#..
#..........#...#..
#..........#...#..
#.....######...#..
#.....# ##...#.. #.....#
#....#.. #.....#
#....### +.....#
#....#.. #@y...#
#....'.. ######.y...#
#....#.. ......(....#
#....#..
...........######+#####
.......................
.......................
.......................
############............
#...<......#............


You could see 2 killer bees.

Vanquished Creatures
  A steam dragon (D:6)
  Menkaure (D:6)
  A water moccasin (D:5)
  An orc warrior (D:7)
  A black bear (D:5)
  An ice beast (D:7)
  2 ogres
  A centaur (D:7)
  A bullfrog (D:6)
  A scorpion (D:6)
  A killer bee (D:7)
  2 hounds
  4 orc priests
  A gnoll bouda (D:3)
  A jelly (D:6)
  A sleepcap (D:6)
  An iguana (D:5)
  3 orc wizards
  Robin (D:2)
  9 gnolls
  12 adders
  A shadow imp (D:6)
  2 white imps (D:6)
  5 worms
  A dart slug (D:1)
  29 orcs
  9 endoplasms
  4 giant cockroaches
  14 goblins
  4 hobgoblins (D:1)
  8 jackals
  6 kobolds
  5 quokkas
  7 ball pythons
  2 bats
  A frilled lizard (D:3)
  A rat (D:2)
146 creatures vanquished.

Vanquished Creatures (others)
  An orc wizard (D:6)
  An orc (D:7)
2 creatures vanquished.

Grand Total: 148 creatures vanquished

Notes
Turn   | Place    | Note
-------+----------+-------------------------------------------
     0 | D:1      | Shard1697 the Armataur Fighter began the quest for the Orb.
     0 | D:1      | Reached XP level 1. HP: 19/19 MP: 1/1
    14 | D:1      | Reached skill level 2 in Maces & Flails
    57 | D:1      | Reached XP level 2. HP: 16/26 MP: 2/2
   267 | D:1      | Reached skill level 3 in Maces & Flails
   396 | D:1      | Found Pujext's Armour Boutique.
   539 | D:1      | Found a faded altar of an unknown god.
   541 | D:1      | Reached XP level 3. HP: 32/32 MP: 3/3
   596 | D:2      | Noticed Robin
   735 | D:2      | Found an iron altar of Okawaru.
   738 | D:2      | Killed Robin
   753 | D:2      | Became a worshipper of Warmaster Okawaru
   954 | D:2      | Reached skill level 4 in Maces & Flails
   954 | D:2      | Reached XP level 4. HP: 36/39 MP: 4/4
  1480 | D:3      | Reached XP level 5. HP: 44/44 MP: 5/5
  1690 | D:3      | Reached skill level 5 in Maces & Flails
  2274 | D:4      | Reached XP level 6. HP: 21/53 MP: 6/6
  2422 | D:4      | Reached skill level 6 in Maces & Flails
  2467 | D:4      | Found an opulent altar of Gozag.
  2467 | D:4      | Found a glowing golden altar of the Shining One.
  2832 | D:4      | Reached * piety under Okawaru
  2950 | D:4      | Found a radiant altar of Vehumet.
  3226 | D:5      | Entered Level 5 of the Dungeon
  3278 | D:5      | Found a staircase to the Ecumenical Temple.
  3337 | D:5      | Reached skill level 7 in Maces & Flails
  3337 | D:5      | Reached skill level 1 in Invocations
  3337 | D:5      | Reached XP level 7. HP: 19/60 MP: 7/7
  3553 | D:5      | Found a hazy altar of Hepliaklqana.
  3809 | D:1      | Bought a +2 scale mail of fire resistance for 252 gold
                  | pieces
  4324 | D:5      | Noticed an angel
  4325 | D:5      | Found a glowing silver altar of Zin.
  4864 | D:6      | Reached ** piety under Okawaru
  4922 | D:6      | Reached XP level 8. HP: 41/70 MP: 10/10
  5165 | D:6      | Noticed Menkaure
  5168 | D:6      | Killed Menkaure
  5779 | D:6      | Reached skill level 8 in Maces & Flails
  6044 | D:7      | Reached skill level 5 in Fighting
  6326 | D:7      | Slain by a killer bee

Illustrated notes

Levels and vault maps discovered:
D:1:      evilmike_arrival_plus, layout_rooms, serial_shops, shop,
          hellmonk_ecumenical_altar_inner_sanctum
D:2:      layout_rooms, basic_altar, grunt_decor_junction, uniq_robin
D:3:      layout_rooms
D:4:      layout_basic, mainiacjoe_overflow_alcove_1,
          mainiacjoe_overflow_divided_tiny, dreamdust_mushroom_princess
D:5:      layout_cave_pods, marbit_many_paths, zin_angel,
          minmay_temple_entry_sparse_star, minmay_hedge_maze, eino_tiny_chamber,
          corexii_corridor_pit
D:6:      layout_loops_cross, uniq_menkaure
D:7:      layout_gridville, kennysheep_nub, uniq_crazy_yiuf_cottage

Skill      XL: |  1  2  3  4  5  6  7  8 |
---------------+-------------------------+-----
Maces & Flails | 2 3 4 5 7 8 |  8.3
Fighting       | 3 4 5 |  5.3
Invocations    | 1 3 4 |  4.7
Armour         | |  3.6
Shields        | |  3.2

Action                     |  1- 3 |  4- 6 |  7- 9 || total
---------------------------+-------+-------+-------++-------
  Melee: Flail             |   146 |       |       ||   146
         Tailslap          |     8 |    24 |    16 ||    48
         Morningstar       |       |   229 |   149 ||   378
    Use: Scroll            |       |     6 |     4 ||    10
         Potion            |       |       |     6 ||     6
 Armour: Scale mail        |   104 |   132 |   150 ||   386
         Skin              |       |       |    22 ||    22
  Dodge: Dodged            |    69 |    81 |    83 ||   233
  Block: Buckler           |    37 |    47 |    32 ||   116

Table legend: (Time is in decaauts)
 A = Elapsed time spent in this place.
 B = Non-inter-level travel time spent in this place.
 C = Inter-level travel time spent in this place.
 D = Time resting spent in this place.
 E = Time spent auto-exploring this place.
 F = Levels seen in this place.
 G = Mean time per level.
                   A        B        C        D        E       F      G
               +--------+--------+--------+--------+--------+-----+--------+
         Total |   6468 |   6160 |    308 |   1181 |   3783 |   7 |  924.0 |
       Dungeon |   6468 |   6160 |    308 |   1181 |   3783 |   7 |  924.0 |
               +--------+--------+--------+--------+--------+-----+--------+

Top non-repeatable levels by time:
     D:5: 1254 daAuts
     D:6: 1224 daAuts
     D:3: 1203 daAuts
     D:4: 1177 daAuts
     D:1: 799 daAuts
     D:2: 480 daAuts
     D:7: 328 daAuts
